Workbook

Sheet RESUMO
B8: Janeiro | D8: ='Janeiro'!D$47 -> 0 | E8: ='Janeiro'!E$47 -> 0 | F8: ='Janeiro'!F$47 -> 0
B9: Fevereiro | D9: ='Fevereiro'!D$47 -> 0 | E9: ='Fevereiro'!E$47 -> 0 | F9: ='Fevereiro'!F$47 -> 0
B10: Março | D10: ='Março'!D$47 -> 0 | E10: ='Março'!E$47 -> 0 | F10: ='Março'!F$47 -> 0
B11: Abril | D11: ='Abril'!D$47 -> 0 | E11: ='Abril'!E$47 -> 0 | F11: ='Abril'!F$47 -> 0
B12: Maio | D12: ='Maio'!D$47 -> 0 | E12: ='Maio'!E$47 -> 0 | F12: ='Maio'!F$47 -> 0
B13: Junho | D13: ='Junho'!D$47 -> 0 | E13: ='Junho'!E$47 -> 0 | F13: ='Junho'!F$47 -> 0
B14: Julho | D14: ='Julho'!D$47 -> 0 | E14: ='Julho'!E$47 -> 0 | F14: ='Julho'!F$47 -> 0
B15: Agosto | D15: ='Agosto'!D$47 -> 0 | E15: ='Agosto'!E$47 -> 0 | F15: ='Setembro'!F$47 -> 0
B16: Setembro | D16: ='Setembro'!D$47 -> 0 | E16: ='Setembro'!E$47 -> 0 | F16: ='Agosto'!F$47 -> 0
B17: Outubro | D17: ='Outubro'!D$47 -> 0 | E17: ='Outubro'!E$47 -> 0 | F17: ='Outubro'!F$47 -> 0
B18: Novembro | D18: ='Novembro'!D$47 -> 0 | E18: ='Novembro'!E$47 -> 0 | F18: ='Novembro'!F$47 -> 0
B19: Dezembro | D19: ='Dezembro'!D$48 -> 0 | E19: ='Dezembro'!E$48 -> 0 | F19: ='Dezembro'!F$48 -> 0

Sheet Janeiro
B8: DESPESAS DOMÉSTICAS
B10: Renda/empréstimo da casa | D10: 0 | E10: 0 | F10: =SUM(-(E10-D10)) -> 0
B11: Eletricidade | D11: 0 | E11: 0 | F11: =SUM(-(E11-D11)) -> 0
B12: Aquecimento | D12: 0 | E12: 0 | F12: =SUM(-(E12-D12)) -> 0
B13: Água | D13: 0 | E13: 0 | F13: =SUM(-(E13-D13)) -> 0
B14: Esgotos | D14: 0 | E14: 0 | F14: =SUM(-(E14-D14)) -> 0
B15: Recolha de resíduos | D15: 0 | E15: 0 | F15: =SUM(-(E15-D15)) -> 0
B16: TV | D16: 0 | E16: 0 | F16: =SUM(-(E16-D16)) -> 0
B17: Telefone | D17: 0 | E17: 0 | F17: =SUM(-(E17-D17)) -> 0
B18: Internet | D18: 0 | E18: 0 | F18: =SUM(-(E18-D18)) -> 0
B19: Despesas com o carro/veículos | D19: 0 | E19: 0 | F19: =SUM(-(E19-D19)) -> 0
B20: Outros custos comuns | D20: 0 | E20: 0 | F20: =SUM(-(E20-D20)) -> 0
B21: Diversos (renovações, reparações, etc.) | D21: 0 | E21: 0 | F21: =SUM(-(E21-D21)) -> 0
B23: DESPESAS DE SUBSISTÊNCIA
B25: Alimentação | D25: 0 | E25: 0 | F25: =SUM(-(E25-D25)) -> 0
B26: Restaurantes / Comer fora | D26: 0 | E26: 0 | F26: =SUM(-(E26-D26)) -> 0
B27: Artigos para o lar | D27: 0 | E27: 0 | F27: =SUM(-(E27-D27)) -> 0
B28: Artigos de higiene corporal | D28: 0 | E28: 0 | F28: =SUM(-(E28-D28)) -> 0
B29: Entretenimento | D29: 0 | E29: 0 | F29: =SUM(-(E29-D29)) -> 0
B30: Despesas com os filhos | D30: 0 | E30: 0 | F30: =SUM(-(E30-D30)) -> 0
B31: Outras despesas | D31: 0 | E31: 0 | F31: =SUM(-(E31-D31)) -> 0
B33: DESPESAS FIXAS
B35: Seguro de vida | D35: 0 | E35: 0 | F35: =SUM(-(E35-D35)) -> 0
B36: Seguro de saúde | D36: 0 | E36: 0 | F36: =SUM(-(E36-D36)) -> 0
B37: Fundo de emergência | D37: 0 | E37: 0 | F37: =SUM(-(E37-D37)) -> 0
B38: Poupança | D38: 0 | E38: 0 | F38: =SUM(-(E38-D38)) -> 0
B39: Fundo de pensões | D39: 0 | E39: 0 | F39: =SUM(-(E39-D39)) -> 0
B40: Segurança social de trabalhador independente | D40: 0 | E40: 0 | F40: =SUM(-(E40-D40)) -> 0
B41: Férias | D41: 0 | E41: 0 | F41: =SUM(-(E41-D41)) -> 0
B42: Presentes e eventos | D42: 0 | E42: 0 | F42: =SUM(-(E42-D42)) -> 0
B43: Amortização de dívidas | D43: 0 | E43: 0 | F43: =SUM(-(E43-D43)) -> 0
B44: Outras despesas fixas | D44: 0 | E44: 0 | F44: =SUM(-(E44-D44)) -> 0
B47: TODAS AS DESPESAS | D47: =SUM(D10:D44) -> 0 | E47: =SUM(E10:E45) -> 0 | F47: =SUM(-(E47-D47)) -> 0
C52: Janeiro | D52: 0 | E52: =E47 -> 0 | F52: =D52-E52 -> 0

Sheet Fevereiro
B8: DESPESAS DOMÉSTICAS
B10: Renda/empréstimo da casa | D10: 0 | E10: 0 | F10: =SUM(-(E10-D10)) -> 0
B11: Eletricidade | D11: 0 | E11: 0 | F11: =SUM(-(E11-D11)) -> 0
B12: Aquecimento | D12: 0 | E12: 0 | F12: =SUM(-(E12-D12)) -> 0
B13: Água | D13: 0 | E13: 0 | F13: =SUM(-(E13-D13)) -> 0
B14: Esgotos | D14: 0 | E14: 0 | F14: =SUM(-(E14-D14)) -> 0
B15: Recolha de resíduos | D15: 0 | E15: 0 | F15: =SUM(-(E15-D15)) -> 0
B16: TV | D16: 0 | E16: 0 | F16: =SUM(-(E16-D16)) -> 0
B17: Telefone | D17: 0 | E17: 0 | F17: =SUM(-(E17-D17)) -> 0
B18: Internet | D18: 0 | E18: 0 | F18: =SUM(-(E18-D18)) -> 0
B19: Despesas com o carro/veículos | D19: 0 | E19: 0 | F19: =SUM(-(E19-D19)) -> 0
B20: Outros custos comuns | D20: 0 | E20: 0 | F20: =SUM(-(E20-D20)) -> 0
B21: Diversos (renovações, reparações, etc.) | D21: 0 | E21: 0 | F21: =SUM(-(E21-D21)) -> 0
B23: DESPESAS DE SUBSISTÊNCIA
B25: Alimentação | D25: 0 | E25: 0 | F25: =SUM(-(E25-D25)) -> 0
B26: Restaurantes / Comer fora | D26: 0 | E26: 0 | F26: =SUM(-(E26-D26)) -> 0
B27: Artigos para o lar | D27: 0 | E27: 0 | F27: =SUM(-(E27-D27)) -> 0
B28: Artigos de higiene corporal | D28: 0 | E28: 0 | F28: =SUM(-(E28-D28)) -> 0
B29: Entretenimento | D29: 0 | E29: 0 | F29: =SUM(-(E29-D29)) -> 0
B30: Despesas com os filhos | D30: 0 | E30: 0 | F30: =SUM(-(E30-D30)) -> 0
B31: Outras despesas | D31: 0 | E31: 0 | F31: =SUM(-(E31-D31)) -> 0
B33: DESPESAS FIXAS
B35: Seguro de vida | D35: 0 | E35: 0 | F35: =SUM(-(E35-D35)) -> 0
B36: Seguro de saúde | D36: 0 | E36: 0 | F36: =SUM(-(E36-D36)) -> 0
B37: Fundo de emergência | D37: 0 | E37: 0 | F37: =SUM(-(E37-D37)) -> 0
B38: Poupança | D38: 0 | E38: 0 | F38: =SUM(-(E38-D38)) -> 0
B39: Fundo de pensões | D39: 0 | E39: 0 | F39: =SUM(-(E39-D39)) -> 0
B40: Segurança social de trabalhador independente | D40: 0 | E40: 0 | F40: =SUM(-(E40-D40)) -> 0
B41: Férias | D41: 0 | E41: 0 | F41: =SUM(-(E41-D41)) -> 0
B42: Presentes e eventos | D42: 0 | E42: 0 | F42: =SUM(-(E42-D42)) -> 0
B43: Amortização de dívidas | D43: 0 | E43: 0 | F43: =SUM(-(E43-D43)) -> 0
B44: Outras despesas fixas | D44: 0 | E44: 0 | F44: =SUM(-(E44-D44)) -> 0
B47: TODAS AS DESPESAS | D47: =SUM(D10:D44) -> 0 | E47: =SUM(E10:E45) -> 0 | F47: =SUM(-(E47-D47)) -> 0
C52: Fevereiro | D52: 0 | E52: =E47 -> 0 | F52: =D52-E52 -> 0

Sheet Março
B8: DESPESAS DOMÉSTICAS
B10: Renda/empréstimo da casa | D10: 0 | E10: 0 | F10: =SUM(-(E10-D10)) -> 0
B11: Eletricidade | D11: 0 | E11: 0 | F11: =SUM(-(E11-D11)) -> 0
B12: Aquecimento | D12: 0 | E12: 0 | F12: =SUM(-(E12-D12)) -> 0
B13: Água | D13: 0 | E13: 0 | F13: =SUM(-(E13-D13)) -> 0
B14: Esgotos | D14: 0 | E14: 0 | F14: =SUM(-(E14-D14)) -> 0
B15: Recolha de resíduos | D15: 0 | E15: 0 | F15: =SUM(-(E15-D15)) -> 0
B16: TV | D16: 0 | E16: 0 | F16: =SUM(-(E16-D16)) -> 0
B17: Telefone | D17: 0 | E17: 0 | F17: =SUM(-(E17-D17)) -> 0
B18: Internet | D18: 0 | E18: 0 | F18: =SUM(-(E18-D18)) -> 0
B19: Despesas com o carro/veículos | D19: 0 | E19: 0 | F19: =SUM(-(E19-D19)) -> 0
B20: Outros custos comuns | D20: 0 | E20: 0 | F20: =SUM(-(E20-D20)) -> 0
B21: Diversos (renovações, reparações, etc.) | D21: 0 | E21: 0 | F21: =SUM(-(E21-D21)) -> 0
B23: DESPESAS DE SUBSISTÊNCIA
B25: Alimentação | D25: 0 | E25: 0 | F25: =SUM(-(E25-D25)) -> 0
B26: Restaurantes / Comer fora | D26: 0 | E26: 0 | F26: =SUM(-(E26-D26)) -> 0
B27: Artigos para o lar | D27: 0 | E27: 0 | F27: =SUM(-(E27-D27)) -> 0
B28: Artigos de higiene corporal | D28: 0 | E28: 0 | F28: =SUM(-(E28-D28)) -> 0
B29: Entretenimento | D29: 0 | E29: 0 | F29: =SUM(-(E29-D29)) -> 0
B30: Despesas com os filhos | D30: 0 | E30: 0 | F30: =SUM(-(E30-D30)) -> 0
B31: Outras despesas | D31: 0 | E31: 0 | F31: =SUM(-(E31-D31)) -> 0
B33: DESPESAS FIXAS
B35: Seguro de vida | D35: 0 | E35: 0 | F35: =SUM(-(E35-D35)) -> 0
B36: Seguro de saúde | D36: 0 | E36: 0 | F36: =SUM(-(E36-D36)) -> 0
B37: Fundo de emergência | D37: 0 | E37: 0 | F37: =SUM(-(E37-D37)) -> 0
B38: Poupança | D38: 0 | E38: 0 | F38: =SUM(-(E38-D38)) -> 0
B39: Fundo de pensões | D39: 0 | E39: 0 | F39: =SUM(-(E39-D39)) -> 0
B40: Segurança social de trabalhador independente | D40: 0 | E40: 0 | F40: =SUM(-(E40-D40)) -> 0
B41: Férias | D41: 0 | E41: 0 | F41: =SUM(-(E41-D41)) -> 0
B42: Presentes e eventos | D42: 0 | E42: 0 | F42: =SUM(-(E42-D42)) -> 0
B43: Amortização de dívidas | D43: 0 | E43: 0 | F43: =SUM(-(E43-D43)) -> 0
B44: Outras despesas fixas | D44: 0 | E44: 0 | F44: =SUM(-(E44-D44)) -> 0
B47: TODAS AS DESPESAS | D47: =SUM(D10:D44) -> 0 | E47: =SUM(E10:E45) -> 0 | F47: =SUM(-(E47-D47)) -> 0
C52: Março | D52: 0 | E52: =E47 -> 0 | F52: =D52-E52 -> 0

Sheet Abril
B8: DESPESAS DOMÉSTICAS
B10: Renda/empréstimo da casa | D10: 0 | E10: 0 | F10: =SUM(-(E10-D10)) -> 0
B11: Eletricidade | D11: 0 | E11: 0 | F11: =SUM(-(E11-D11)) -> 0
B12: Aquecimento | D12: 0 | E12: 0 | F12: =SUM(-(E12-D12)) -> 0
B13: Água | D13: 0 | E13: 0 | F13: =SUM(-(E13-D13)) -> 0
B14: Esgotos | D14: 0 | E14: 0 | F14: =SUM(-(E14-D14)) -> 0
B15: Recolha de resíduos | D15: 0 | E15: 0 | F15: =SUM(-(E15-D15)) -> 0
B16: TV | D16: 0 | E16: 0 | F16: =SUM(-(E16-D16)) -> 0
B17: Telefone | D17: 0 | E17: 0 | F17: =SUM(-(E17-D17)) -> 0
B18: Internet | D18: 0 | E18: 0 | F18: =SUM(-(E18-D18)) -> 0
B19: Despesas com o carro/veículos | D19: 0 | E19: 0 | F19: =SUM(-(E19-D19)) -> 0
B20: Outros custos comuns | D20: 0 | E20: 0 | F20: =SUM(-(E20-D20)) -> 0
B21: Diversos (renovações, reparações, etc.) | D21: 0 | E21: 0 | F21: =SUM(-(E21-D21)) -> 0
B23: DESPESAS DE SUBSISTÊNCIA
B25: Alimentação | D25: 0 | E25: 0 | F25: =SUM(-(E25-D25)) -> 0
B26: Restaurantes / Comer fora | D26: 0 | E26: 0 | F26: =SUM(-(E26-D26)) -> 0
B27: Artigos para o lar | D27: 0 | E27: 0 | F27: =SUM(-(E27-D27)) -> 0
B28: Artigos de higiene corporal | D28: 0 | E28: 0 | F28: =SUM(-(E28-D28)) -> 0
B29: Entretenimento | D29: 0 | E29: 0 | F29: =SUM(-(E29-D29)) -> 0
B30: Despesas com os filhos | D30: 0 | E30: 0 | F30: =SUM(-(E30-D30)) -> 0
B31: Outras despesas | D31: 0 | E31: 0 | F31: =SUM(-(E31-D31)) -> 0
B33: DESPESAS FIXAS
B35: Seguro de vida | D35: 0 | E35: 0 | F35: =SUM(-(E35-D35)) -> 0
B36: Seguro de saúde | D36: 0 | E36: 0 | F36: =SUM(-(E36-D36)) -> 0
B37: Fundo de emergência | D37: 0 | E37: 0 | F37: =SUM(-(E37-D37)) -> 0
B38: Poupança | D38: 0 | E38: 0 | F38: =SUM(-(E38-D38)) -> 0
B39: Fundo de pensões | D39: 0 | E39: 0 | F39: =SUM(-(E39-D39)) -> 0
B40: Segurança social de trabalhador independente | D40: 0 | E40: 0 | F40: =SUM(-(E40-D40)) -> 0
B41: Férias | D41: 0 | E41: 0 | F41: =SUM(-(E41-D41)) -> 0
B42: Presentes e eventos | D42: 0 | E42: 0 | F42: =SUM(-(E42-D42)) -> 0
B43: Amortização de dívidas | D43: 0 | E43: 0 | F43: =SUM(-(E43-D43)) -> 0
B44: Outras despesas fixas | D44: 0 | E44: 0 | F44: =SUM(-(E44-D44)) -> 0
B47: TODAS AS DESPESAS | D47: =SUM(D10:D44) -> 0 | E47: =SUM(E10:E45) -> 0 | F47: =SUM(-(E47-D47)) -> 0
C52: Abril | D52: 0 | E52: =E47 -> 0 | F52: =D52-E52 -> 0

Sheet Maio
B8: DESPESAS DOMÉSTICAS
B10: Renda/empréstimo da casa | D10: 0 | E10: 0 | F10: =SUM(-(E10-D10)) -> 0
B11: Eletricidade | D11: 0 | E11: 0 | F11: =SUM(-(E11-D11)) -> 0
B12: Aquecimento | D12: 0 | E12: 0 | F12: =SUM(-(E12-D12)) -> 0
B13: Água | D13: 0 | E13: 0 | F13: =SUM(-(E13-D13)) -> 0
B14: Esgotos | D14: 0 | E14: 0 | F14: =SUM(-(E14-D14)) -> 0
B15: Recolha de resíduos | D15: 0 | E15: 0 | F15: =SUM(-(E15-D15)) -> 0
B16: TV | D16: 0 | E16: 0 | F16: =SUM(-(E16-D16)) -> 0
B17: Telefone | D17: 0 | E17: 0 | F17: =SUM(-(E17-D17)) -> 0
B18: Internet | D18: 0 | E18: 0 | F18: =SUM(-(E18-D18)) -> 0
B19: Despesas com o carro/veículos | D19: 0 | E19: 0 | F19: =SUM(-(E19-D19)) -> 0
B20: Outros custos comuns | D20: 0 | E20: 0 | F20: =SUM(-(E20-D20)) -> 0
B21: Diversos (renovações, reparações, etc.) | D21: 0 | E21: 0 | F21: =SUM(-(E21-D21)) -> 0
B23: DESPESAS DE SUBSISTÊNCIA
B25: Alimentação | D25: 0 | E25: 0 | F25: =SUM(-(E25-D25)) -> 0
B26: Restaurantes / Comer fora | D26: 0 | E26: 0 | F26: =SUM(-(E26-D26)) -> 0
B27: Artigos para o lar | D27: 0 | E27: 0 | F27: =SUM(-(E27-D27)) -> 0
B28: Artigos de higiene corporal | D28: 0 | E28: 0 | F28: =SUM(-(E28-D28)) -> 0
B29: Entretenimento | D29: 0 | E29: 0 | F29: =SUM(-(E29-D29)) -> 0
B30: Despesas com os filhos | D30: 0 | E30: 0 | F30: =SUM(-(E30-D30)) -> 0
B31: Outras despesas | D31: 0 | E31: 0 | F31: =SUM(-(E31-D31)) -> 0
B33: DESPESAS FIXAS
B35: Seguro de vida | D35: 0 | E35: 0 | F35: =SUM(-(E35-D35)) -> 0
B36: Seguro de saúde | D36: 0 | E36: 0 | F36: =SUM(-(E36-D36)) -> 0
B37: Fundo de emergência | D37: 0 | E37: 0 | F37: =SUM(-(E37-D37)) -> 0
B38: Poupança | D38: 0 | E38: 0 | F38: =SUM(-(E38-D38)) -> 0
B39: Fundo de pensões | D39: 0 | E39: 0 | F39: =SUM(-(E39-D39)) -> 0
B40: Segurança social de trabalhador independente | D40: 0 | E40: 0 | F40: =SUM(-(E40-D40)) -> 0
B41: Férias | D41: 0 | E41: 0 | F41: =SUM(-(E41-D41)) -> 0
B42: Presentes e eventos | D42: 0 | E42: 0 | F42: =SUM(-(E42-D42)) -> 0
B43: Amortização de dívidas | D43: 0 | E43: 0 | F43: =SUM(-(E43-D43)) -> 0
B44: Outras despesas fixas | D44: 0 | E44: 0 | F44: =SUM(-(E44-D44)) -> 0
B47: TODAS AS DESPESAS | D47: =SUM(D10:D44) -> 0 | E47: =SUM(E10:E45) -> 0 | F47: =SUM(-(E47-D47)) -> 0
C52: Maio | D52: 0 | E52: =E47 -> 0 | F52: =D52-E52 -> 0

Sheet Junho
B8: DESPESAS DOMÉSTICAS
B10: Renda/empréstimo da casa | D10: 0 | E10: 0 | F10: =SUM(-(E10-D10)) -> 0
B11: Eletricidade | D11: 0 | E11: 0 | F11: =SUM(-(E11-D11)) -> 0
B12: Aquecimento | D12: 0 | E12: 0 | F12: =SUM(-(E12-D12)) -> 0
B13: Água | D13: 0 | E13: 0 | F13: =SUM(-(E13-D13)) -> 0
B14: Esgotos | D14: 0 | E14: 0 | F14: =SUM(-(E14-D14)) -> 0
B15: Recolha de resíduos | D15: 0 | E15: 0 | F15: =SUM(-(E15-D15)) -> 0
B16: TV | D16: 0 | E16: 0 | F16: =SUM(-(E16-D16)) -> 0
B17: Telefone | D17: 0 | E17: 0 | F17: =SUM(-(E17-D17)) -> 0
B18: Internet | D18: 0 | E18: 0 | F18: =SUM(-(E18-D18)) -> 0
B19: Despesas com o carro/veículos | D19: 0 | E19: 0 | F19: =SUM(-(E19-D19)) -> 0
B20: Outros custos comuns | D20: 0 | E20: 0 | F20: =SUM(-(E20-D20)) -> 0
B21: Diversos (renovações, reparações, etc.) | D21: 0 | E21: 0 | F21: =SUM(-(E21-D21)) -> 0
B23: DESPESAS DE SUBSISTÊNCIA
B25: Alimentação | D25: 0 | E25: 0 | F25: =SUM(-(E25-D25)) -> 0
B26: Restaurantes / Comer fora | D26: 0 | E26: 0 | F26: =SUM(-(E26-D26)) -> 0
B27: Artigos para o lar | D27: 0 | E27: 0 | F27: =SUM(-(E27-D27)) -> 0
B28: Artigos de higiene corporal | D28: 0 | E28: 0 | F28: =SUM(-(E28-D28)) -> 0
B29: Entretenimento | D29: 0 | E29: 0 | F29: =SUM(-(E29-D29)) -> 0
B30: Despesas com os filhos | D30: 0 | E30: 0 | F30: =SUM(-(E30-D30)) -> 0
B31: Outras despesas | D31: 0 | E31: 0 | F31: =SUM(-(E31-D31)) -> 0
B33: DESPESAS FIXAS
B35: Seguro de vida | D35: 0 | E35: 0 | F35: =SUM(-(E35-D35)) -> 0
B36: Seguro de saúde | D36: 0 | E36: 0 | F36: =SUM(-(E36-D36)) -> 0
B37: Fundo de emergência | D37: 0 | E37: 0 | F37: =SUM(-(E37-D37)) -> 0
B38: Poupança | D38: 0 | E38: 0 | F38: =SUM(-(E38-D38)) -> 0
B39: Fundo de pensões | D39: 0 | E39: 0 | F39: =SUM(-(E39-D39)) -> 0
B40: Segurança social de trabalhador independente | D40: 0 | E40: 0 | F40: =SUM(-(E40-D40)) -> 0
B41: Férias | D41: 0 | E41: 0 | F41: =SUM(-(E41-D41)) -> 0
B42: Presentes e eventos | D42: 0 | E42: 0 | F42: =SUM(-(E42-D42)) -> 0
B43: Amortização de dívidas | D43: 0 | E43: 0 | F43: =SUM(-(E43-D43)) -> 0
B44: Outras despesas fixas | D44: 0 | E44: 0 | F44: =SUM(-(E44-D44)) -> 0
B47: TODAS AS DESPESAS | D47: =SUM(D10:D44) -> 0 | E47: =SUM(E10:E45) -> 0 | F47: =SUM(-(E47-D47)) -> 0
C52: Junho | D52: 0 | E52: =E47 -> 0 | F52: =D52-E52 -> 0

Sheet Julho
B8: DESPESAS DOMÉSTICAS
B10: Renda/empréstimo da casa | D10: 0 | E10: 0 | F10: =SUM(-(E10-D10)) -> 0
B11: Eletricidade | D11: 0 | E11: 0 | F11: =SUM(-(E11-D11)) -> 0
B12: Aquecimento | D12: 0 | E12: 0 | F12: =SUM(-(E12-D12)) -> 0
B13: Água | D13: 0 | E13: 0 | F13: =SUM(-(E13-D13)) -> 0
B14: Esgotos | D14: 0 | E14: 0 | F14: =SUM(-(E14-D14)) -> 0
B15: Recolha de resíduos | D15: 0 | E15: 0 | F15: =SUM(-(E15-D15)) -> 0
B16: TV | D16: 0 | E16: 0 | F16: =SUM(-(E16-D16)) -> 0
B17: Telefone | D17: 0 | E17: 0 | F17: =SUM(-(E17-D17)) -> 0
B18: Internet | D18: 0 | E18: 0 | F18: =SUM(-(E18-D18)) -> 0
B19: Despesas com o carro/veículos | D19: 0 | E19: 0 | F19: =SUM(-(E19-D19)) -> 0
B20: Outros custos comuns | D20: 0 | E20: 0 | F20: =SUM(-(E20-D20)) -> 0
B21: Diversos (renovações, reparações, etc.) | D21: 0 | E21: 0 | F21: =SUM(-(E21-D21)) -> 0
B23: DESPESAS DE SUBSISTÊNCIA
B25: Alimentação | D25: 0 | E25: 0 | F25: =SUM(-(E25-D25)) -> 0
B26: Restaurantes / Comer fora | D26: 0 | E26: 0 | F26: =SUM(-(E26-D26)) -> 0
B27: Artigos para o lar | D27: 0 | E27: 0 | F27: =SUM(-(E27-D27)) -> 0
B28: Artigos de higiene corporal | D28: 0 | E28: 0 | F28: =SUM(-(E28-D28)) -> 0
B29: Entretenimento | D29: 0 | E29: 0 | F29: =SUM(-(E29-D29)) -> 0
B30: Despesas com os filhos | D30: 0 | E30: 0 | F30: =SUM(-(E30-D30)) -> 0
B31: Outras despesas | D31: 0 | E31: 0 | F31: =SUM(-(E31-D31)) -> 0
B33: DESPESAS FIXAS
B35: Seguro de vida | D35: 0 | E35: 0 | F35: =SUM(-(E35-D35)) -> 0
B36: Seguro de saúde | D36: 0 | E36: 0 | F36: =SUM(-(E36-D36)) -> 0
B37: Fundo de emergência | D37: 0 | E37: 0 | F37: =SUM(-(E37-D37)) -> 0
B38: Poupança | D38: 0 | E38: 0 | F38: =SUM(-(E38-D38)) -> 0
B39: Fundo de pensões | D39: 0 | E39: 0 | F39: =SUM(-(E39-D39)) -> 0
B40: Segurança social de trabalhador independente | D40: 0 | E40: 0 | F40: =SUM(-(E40-D40)) -> 0
B41: Férias | D41: 0 | E41: 0 | F41: =SUM(-(E41-D41)) -> 0
B42: Presentes e eventos | D42: 0 | E42: 0 | F42: =SUM(-(E42-D42)) -> 0
B43: Amortização de dívidas | D43: 0 | E43: 0 | F43: =SUM(-(E43-D43)) -> 0
B44: Outras despesas fixas | D44: 0 | E44: 0 | F44: =SUM(-(E44-D44)) -> 0
B47: TODAS AS DESPESAS | D47: =SUM(D10:D44) -> 0 | E47: =SUM(E10:E45) -> 0 | F47: =SUM(-(E47-D47)) -> 0
C52: Julho | D52: 0 | E52: =E47 -> 0 | F52: =D52-E52 -> 0

Sheet Agosto
B8: DESPESAS DOMÉSTICAS
B10: Renda/empréstimo da casa | D10: 0 | E10: 0 | F10: =SUM(-(E10-D10)) -> 0
B11: Eletricidade | D11: 0 | E11: 0 | F11: =SUM(-(E11-D11)) -> 0
B12: Aquecimento | D12: 0 | E12: 0 | F12: =SUM(-(E12-D12)) -> 0
B13: Água | D13: 0 | E13: 0 | F13: =SUM(-(E13-D13)) -> 0
B14: Esgotos | D14: 0 | E14: 0 | F14: =SUM(-(E14-D14)) -> 0
B15: Recolha de resíduos | D15: 0 | E15: 0 | F15: =SUM(-(E15-D15)) -> 0
B16: TV | D16: 0 | E16: 0 | F16: =SUM(-(E16-D16)) -> 0
B17: Telefone | D17: 0 | E17: 0 | F17: =SUM(-(E17-D17)) -> 0
B18: Internet | D18: 0 | E18: 0 | F18: =SUM(-(E18-D18)) -> 0
B19: Despesas com o carro/veículos | D19: 0 | E19: 0 | F19: =SUM(-(E19-D19)) -> 0
B20: Outros custos comuns | D20: 0 | E20: 0 | F20: =SUM(-(E20-D20)) -> 0
B21: Diversos (renovações, reparações, etc.) | D21: 0 | E21: 0 | F21: =SUM(-(E21-D21)) -> 0
B23: DESPESAS DE SUBSISTÊNCIA
B25: Alimentação | D25: 0 | E25: 0 | F25: =SUM(-(E25-D25)) -> 0
B26: Restaurantes / Comer fora | D26: 0 | E26: 0 | F26: =SUM(-(E26-D26)) -> 0
B27: Artigos para o lar | D27: 0 | E27: 0 | F27: =SUM(-(E27-D27)) -> 0
B28: Artigos de higiene corporal | D28: 0 | E28: 0 | F28: =SUM(-(E28-D28)) -> 0
B29: Entretenimento | D29: 0 | E29: 0 | F29: =SUM(-(E29-D29)) -> 0
B30: Despesas com os filhos | D30: 0 | E30: 0 | F30: =SUM(-(E30-D30)) -> 0
B31: Outras despesas | D31: 0 | E31: 0 | F31: =SUM(-(E31-D31)) -> 0
B33: DESPESAS FIXAS
B35: Seguro de vida | D35: 0 | E35: 0 | F35: =SUM(-(E35-D35)) -> 0
B36: Seguro de saúde | D36: 0 | E36: 0 | F36: =SUM(-(E36-D36)) -> 0
B37: Fundo de emergência | D37: 0 | E37: 0 | F37: =SUM(-(E37-D37)) -> 0
B38: Poupança | D38: 0 | E38: 0 | F38: =SUM(-(E38-D38)) -> 0
B39: Fundo de pensões | D39: 0 | E39: 0 | F39: =SUM(-(E39-D39)) -> 0
B40: Segurança social de trabalhador independente | D40: 0 | E40: 0 | F40: =SUM(-(E40-D40)) -> 0
B41: Férias | D41: 0 | E41: 0 | F41: =SUM(-(E41-D41)) -> 0
B42: Presentes e eventos | D42: 0 | E42: 0 | F42: =SUM(-(E42-D42)) -> 0
B43: Amortização de dívidas | D43: 0 | E43: 0 | F43: =SUM(-(E43-D43)) -> 0
B44: Outras despesas fixas | D44: 0 | E44: 0 | F44: =SUM(-(E44-D44)) -> 0
B47: TODAS AS DESPESAS | D47: =SUM(D10:D44) -> 0 | E47: =SUM(E10:E45) -> 0 | F47: =SUM(-(E47-D47)) -> 0
C52: Agosto | D52: 0 | E52: =E47 -> 0 | F52: =D52-E52 -> 0

Sheet Setembro
B8: DESPESAS DOMÉSTICAS
B10: Renda/empréstimo da casa | D10: 0 | E10: 0 | F10: =SUM(-(E10-D10)) -> 0
B11: Eletricidade | D11: 0 | E11: 0 | F11: =SUM(-(E11-D11)) -> 0
B12: Aquecimento | D12: 0 | E12: 0 | F12: =SUM(-(E12-D12)) -> 0
B13: Água | D13: 0 | E13: 0 | F13: =SUM(-(E13-D13)) -> 0
B14: Esgotos | D14: 0 | E14: 0 | F14: =SUM(-(E14-D14)) -> 0
B15: Recolha de resíduos | D15: 0 | E15: 0 | F15: =SUM(-(E15-D15)) -> 0
B16: TV | D16: 0 | E16: 0 | F16: =SUM(-(E16-D16)) -> 0
B17: Telefone | D17: 0 | E17: 0 | F17: =SUM(-(E17-D17)) -> 0
B18: Internet | D18: 0 | E18: 0 | F18: =SUM(-(E18-D18)) -> 0
B19: Despesas com o carro/veículos | D19: 0 | E19: 0 | F19: =SUM(-(E19-D19)) -> 0
B20: Outros custos comuns | D20: 0 | E20: 0 | F20: =SUM(-(E20-D20)) -> 0
B21: Diversos (renovações, reparações, etc.) | D21: 0 | E21: 0 | F21: =SUM(-(E21-D21)) -> 0
B23: DESPESAS DE SUBSISTÊNCIA
B25: Alimentação | D25: 0 | E25: 0 | F25: =SUM(-(E25-D25)) -> 0
B26: Restaurantes / Comer fora | D26: 0 | E26: 0 | F26: =SUM(-(E26-D26)) -> 0
B27: Artigos para o lar | D27: 0 | E27: 0 | F27: =SUM(-(E27-D27)) -> 0
B28: Artigos de higiene corporal | D28: 0 | E28: 0 | F28: =SUM(-(E28-D28)) -> 0
B29: Entretenimento | D29: 0 | E29: 0 | F29: =SUM(-(E29-D29)) -> 0
B30: Despesas com os filhos | D30: 0 | E30: 0 | F30: =SUM(-(E30-D30)) -> 0
B31: Outras despesas | D31: 0 | E31: 0 | F31: =SUM(-(E31-D31)) -> 0
B33: DESPESAS FIXAS
B35: Seguro de vida | D35: 0 | E35: 0 | F35: =SUM(-(E35-D35)) -> 0
B36: Seguro de saúde | D36: 0 | E36: 0 | F36: =SUM(-(E36-D36)) -> 0
B37: Fundo de emergência | D37: 0 | E37: 0 | F37: =SUM(-(E37-D37)) -> 0
B38: Poupança | D38: 0 | E38: 0 | F38: =SUM(-(E38-D38)) -> 0
B39: Fundo de pensões | D39: 0 | E39: 0 | F39: =SUM(-(E39-D39)) -> 0
B40: Segurança social de trabalhador independente | D40: 0 | E40: 0 | F40: =SUM(-(E40-D40)) -> 0
B41: Férias | D41: 0 | E41: 0 | F41: =SUM(-(E41-D41)) -> 0
B42: Presentes e eventos | D42: 0 | E42: 0 | F42: =SUM(-(E42-D42)) -> 0
B43: Amortização de dívidas | D43: 0 | E43: 0 | F43: =SUM(-(E43-D43)) -> 0
B44: Outras despesas fixas | D44: 0 | E44: 0 | F44: =SUM(-(E44-D44)) -> 0
B47: TODAS AS DESPESAS | D47: =SUM(D10:D44) -> 0 | E47: =SUM(E10:E45) -> 0 | F47: =SUM(-(E47-D47)) -> 0
C52: Setembro | D52: 0 | E52: =E47 -> 0 | F52: =D52-E52 -> 0

Sheet Outubro
B8: DESPESAS DOMÉSTICAS
B10: Renda/empréstimo da casa | D10: 0 | E10: 0 | F10: =SUM(-(E10-D10)) -> 0
B11: Eletricidade | D11: 0 | E11: 0 | F11: =SUM(-(E11-D11)) -> 0
B12: Aquecimento | D12: 0 | E12: 0 | F12: =SUM(-(E12-D12)) -> 0
B13: Água | D13: 0 | E13: 0 | F13: =SUM(-(E13-D13)) -> 0
B14: Esgotos | D14: 0 | E14: 0 | F14: =SUM(-(E14-D14)) -> 0
B15: Recolha de resíduos | D15: 0 | E15: 0 | F15: =SUM(-(E15-D15)) -> 0
B16: TV | D16: 0 | E16: 0 | F16: =SUM(-(E16-D16)) -> 0
B17: Telefone | D17: 0 | E17: 0 | F17: =SUM(-(E17-D17)) -> 0
B18: Internet | D18: 0 | E18: 0 | F18: =SUM(-(E18-D18)) -> 0
B19: Despesas com o carro/veículos | D19: 0 | E19: 0 | F19: =SUM(-(E19-D19)) -> 0
B20: Outros custos comuns | D20: 0 | E20: 0 | F20: =SUM(-(E20-D20)) -> 0
B21: Diversos (renovações, reparações, etc.) | D21: 0 | E21: 0 | F21: =SUM(-(E21-D21)) -> 0
B23: DESPESAS DE SUBSISTÊNCIA
B25: Alimentação | D25: 0 | E25: 0 | F25: =SUM(-(E25-D25)) -> 0
B26: Restaurantes / Comer fora | D26: 0 | E26: 0 | F26: =SUM(-(E26-D26)) -> 0
B27: Artigos para o lar | D27: 0 | E27: 0 | F27: =SUM(-(E27-D27)) -> 0
B28: Artigos de higiene corporal | D28: 0 | E28: 0 | F28: =SUM(-(E28-D28)) -> 0
B29: Entretenimento | D29: 0 | E29: 0 | F29: =SUM(-(E29-D29)) -> 0
B30: Despesas com os filhos | D30: 0 | E30: 0 | F30: =SUM(-(E30-D30)) -> 0
B31: Outras despesas | D31: 0 | E31: 0 | F31: =SUM(-(E31-D31)) -> 0
B33: DESPESAS FIXAS
B35: Seguro de vida | D35: 0 | E35: 0 | F35: =SUM(-(E35-D35)) -> 0
B36: Seguro de saúde | D36: 0 | E36: 0 | F36: =SUM(-(E36-D36)) -> 0
B37: Fundo de emergência | D37: 0 | E37: 0 | F37: =SUM(-(E37-D37)) -> 0
B38: Poupança | D38: 0 | E38: 0 | F38: =SUM(-(E38-D38)) -> 0
B39: Fundo de pensões | D39: 0 | E39: 0 | F39: =SUM(-(E39-D39)) -> 0
B40: Segurança social de trabalhador independente | D40: 0 | E40: 0 | F40: =SUM(-(E40-D40)) -> 0
B41: Férias | D41: 0 | E41: 0 | F41: =SUM(-(E41-D41)) -> 0
B42: Presentes e eventos | D42: 0 | E42: 0 | F42: =SUM(-(E42-D42)) -> 0
B43: Amortização de dívidas | D43: 0 | E43: 0 | F43: =SUM(-(E43-D43)) -> 0
B44: Outras despesas fixas | D44: 0 | E44: 0 | F44: =SUM(-(E44-D44)) -> 0
B47: TODAS AS DESPESAS | D47: =SUM(D10:D44) -> 0 | E47: =SUM(E10:E45) -> 0 | F47: =SUM(-(E47-D47)) -> 0
C52: Outubro | D52: 0 | E52: =E47 -> 0 | F52: =D52-E52 -> 0

Sheet Novembro
B8: DESPESAS DOMÉSTICAS
B10: Renda/empréstimo da casa | D10: 0 | E10: 0 | F10: =SUM(-(E10-D10)) -> 0
B11: Eletricidade | D11: 0 | E11: 0 | F11: =SUM(-(E11-D11)) -> 0
B12: Aquecimento | D12: 0 | E12: 0 | F12: =SUM(-(E12-D12)) -> 0
B13: Água | D13: 0 | E13: 0 | F13: =SUM(-(E13-D13)) -> 0
B14: Esgotos | D14: 0 | E14: 0 | F14: =SUM(-(E14-D14)) -> 0
B15: Recolha de resíduos | D15: 0 | E15: 0 | F15: =SUM(-(E15-D15)) -> 0
B16: TV | D16: 0 | E16: 0 | F16: =SUM(-(E16-D16)) -> 0
B17: Telefone | D17: 0 | E17: 0 | F17: =SUM(-(E17-D17)) -> 0
B18: Internet | D18: 0 | E18: 0 | F18: =SUM(-(E18-D18)) -> 0
B19: Despesas com o carro/veículos | D19: 0 | E19: 0 | F19: =SUM(-(E19-D19)) -> 0
B20: Outros custos comuns | D20: 0 | E20: 0 | F20: =SUM(-(E20-D20)) -> 0
B21: Diversos (renovações, reparações, etc.) | D21: 0 | E21: 0 | F21: =SUM(-(E21-D21)) -> 0
B23: DESPESAS DE SUBSISTÊNCIA
B25: Alimentação | D25: 0 | E25: 0 | F25: =SUM(-(E25-D25)) -> 0
B26: Restaurantes / Comer fora | D26: 0 | E26: 0 | F26: =SUM(-(E26-D26)) -> 0
B27: Artigos para o lar | D27: 0 | E27: 0 | F27: =SUM(-(E27-D27)) -> 0
B28: Artigos de higiene corporal | D28: 0 | E28: 0 | F28: =SUM(-(E28-D28)) -> 0
B29: Entretenimento | D29: 0 | E29: 0 | F29: =SUM(-(E29-D29)) -> 0
B30: Despesas com os filhos | D30: 0 | E30: 0 | F30: =SUM(-(E30-D30)) -> 0
B31: Outras despesas | D31: 0 | E31: 0 | F31: =SUM(-(E31-D31)) -> 0
B33: DESPESAS FIXAS
B35: Seguro de vida | D35: 0 | E35: 0 | F35: =SUM(-(E35-D35)) -> 0
B36: Seguro de saúde | D36: 0 | E36: 0 | F36: =SUM(-(E36-D36)) -> 0
B37: Fundo de emergência | D37: 0 | E37: 0 | F37: =SUM(-(E37-D37)) -> 0
B38: Poupança | D38: 0 | E38: 0 | F38: =SUM(-(E38-D38)) -> 0
B39: Fundo de pensões | D39: 0 | E39: 0 | F39: =SUM(-(E39-D39)) -> 0
B40: Segurança social de trabalhador independente | D40: 0 | E40: 0 | F40: =SUM(-(E40-D40)) -> 0
B41: Férias | D41: 0 | E41: 0 | F41: =SUM(-(E41-D41)) -> 0
B42: Presentes e eventos | D42: 0 | E42: 0 | F42: =SUM(-(E42-D42)) -> 0
B43: Amortização de dívidas | D43: 0 | E43: 0 | F43: =SUM(-(E43-D43)) -> 0
B44: Outras despesas fixas | D44: 0 | E44: 0 | F44: =SUM(-(E44-D44)) -> 0
B47: TODAS AS DESPESAS | D47: =SUM(D10:D44) -> 0 | E47: =SUM(E10:E45) -> 0 | F47: =SUM(-(E47-D47)) -> 0
C52: Novembro | D52: 0 | E52: =E47 -> 0 | F52: =D52-E52 -> 0

Sheet Dezembro
B8: DESPESAS DOMÉSTICAS
B10: Renda/empréstimo da casa | D10: 0 | E10: 0 | F10: =SUM(-(E10-D10)) -> 0
B11: Eletricidade | D11: 0 | E11: 0 | F11: =SUM(-(E11-D11)) -> 0
B12: Aquecimento | D12: 0 | E12: 0 | F12: =SUM(-(E12-D12)) -> 0
B13: Água | D13: 0 | E13: 0 | F13: =SUM(-(E13-D13)) -> 0
B14: Esgotos | D14: 0 | E14: 0 | F14: =SUM(-(E14-D14)) -> 0
B15: Recolha de resíduos | D15: 0 | E15: 0 | F15: =SUM(-(E15-D15)) -> 0
B16: TV | D16: 0 | E16: 0 | F16: =SUM(-(E16-D16)) -> 0
B17: Telefone | D17: 0 | E17: 0 | F17: =SUM(-(E17-D17)) -> 0
B18: Internet | D18: 0 | E18: 0 | F18: =SUM(-(E18-D18)) -> 0
B19: Despesas com o carro/veículos | D19: 0 | E19: 0 | F19: =SUM(-(E19-D19)) -> 0
B20: Outros custos comuns | D20: 0 | E20: 0 | F20: =SUM(-(E20-D20)) -> 0
B21: Diversos (renovações, reparações, etc.) | D21: 0 | E21: 0 | F21: =SUM(-(E21-D21)) -> 0
B23: DESPESAS DE SUBSISTÊNCIA
B25: Alimentação | D25: 0 | E25: 0 | F25: =SUM(-(E25-D25)) -> 0
B26: Restaurantes / Comer fora | D26: 0 | E26: 0 | F26: =SUM(-(E26-D26)) -> 0
D27: 0 | E27: 0 | F27: =SUM(-(E27-D27)) -> 0
B28: Artigos para o lar | D28: 0 | E28: 0 | F28: =SUM(-(E28-D28)) -> 0
B29: Artigos de higiene corporal | D29: 0 | E29: 0 | F29: =SUM(-(E29-D29)) -> 0
B30: Entretenimento | D30: 0 | E30: 0 | F30: =SUM(-(E30-D30)) -> 0
B31: Despesas com os filhos | D31: 0 | E31: 0 | F31: =SUM(-(E31-D31)) -> 0
B32: Outras despesas | D32: 0 | E32: 0 | F32: =SUM(-(E32-D32)) -> 0
B34: DESPESAS FIXAS
B36: Seguro de vida | D36: 0 | E36: 0 | F36: =SUM(-(E36-D36)) -> 0
B37: Seguro de saúde | D37: 0 | E37: 0 | F37: =SUM(-(E37-D37)) -> 0
B38: Fundo de emergência | D38: 0 | E38: 0 | F38: =SUM(-(E38-D38)) -> 0
B39: Poupança | D39: 0 | E39: 0 | F39: =SUM(-(E39-D39)) -> 0
B40: Fundo de pensões | D40: 0 | E40: 0 | F40: =SUM(-(E40-D40)) -> 0
B41: Segurança social de trabalhador independente | D41: 0 | E41: 0 | F41: =SUM(-(E41-D41)) -> 0
B42: Férias | D42: 0 | E42: 0 | F42: =SUM(-(E42-D42)) -> 0
B43: Presentes e eventos | D43: 0 | E43: 0 | F43: =SUM(-(E43-D43)) -> 0
B44: Amortização de dívidas | D44: 0 | E44: 0 | F44: =SUM(-(E44-D44)) -> 0
B45: Outras despesas fixas | D45: 0 | E45: 0 | F45: =SUM(-(E45-D45)) -> 0
B48: TODAS AS DESPESAS | D48: =SUM(D10:D45) -> 0 | E48: =SUM(E10:E46) -> 0 | F48: =SUM(-(E48-D48)) -> 0
C53: Dezembro | D53: 0 | E53: =E48 -> 0 | F53: =D53-E53 -> 0
